Map: Cerulean Fall LE

Players

Lambo - Winner!

  • Race: Zerg Zerg
  • Spawn Location: 1:00

Kelazhur

  • Race: Terran Terran
  • Spawn Location: 7:00

Event: WCS Montreal 2018

VOD

Have the link to the VOD?

Description

Time

  • Played on: Sept. 8, 2018, 12:26 a.m.
  • Length: 9:48

All games in this series

Show
View Real Time Build Order
Export as new Build Order

Lambo Zerg - Winner!

Build Orders: Hatch First 

Get SALT Encoding   

  12  0:00  Drone  
  13  0:12  Overlord  
  13  0:17  Drone  
  14  0:30  Drone x2  
  16  0:48  Hatchery  
  15  0:51  Drone  
  15  0:55  Drone  
  17  0:58  Drone  
  18  1:09  Extractor  
  17  1:13  Spawning Pool  
  17  1:16  Drone  
  17  1:21  Drone  
  18  1:28  Drone  
  19  1:38  Drone  
  20  1:49  Drone  
  21  2:00  Zergling x4, Queen x2  
  27  2:14  Hatchery  
  26  2:19  Overlord  
  26  2:22  Drone  
  27  2:25  Drone  
  28  2:39  Drone x2  
  28  2:40  Drone  
  30  2:45  Queen  
  30  2:46  Metabolic Boost  
  30  2:50  Overlord  
  32  2:55  Drone x2  
  34  2:58  Drone  
  35  3:10  Drone x2  
  35  3:11  Drone  
  38  3:15  Drone x2  
  38  3:17  Drone  
  41  3:24  Queen  
  43  3:27  Overlord, Drone  
  43  3:29  Queen  
  45  3:34  Queen  
  45  3:38  Overlord  
  47  3:43  Zergling x4  
  49  3:49  Zergling x8  
  54  3:55  Zergling x2  
  54  3:56  Overlord  
  54  3:57  Drone x2  
  54  3:58  Drone  
  54  4:01  Drone  
  58  4:09  Drone x2  
  59  4:15  Drone  
  56  4:17  Drone  
  56  4:20  Spore Crawler  
  56  4:21  Drone x3  
  58  4:25  Drone x2  
  58  4:27  Drone  
  62  4:31  Lair  
  62  4:32  Drone  
  62  4:35  Baneling Nest, Zergling x4  
  64  4:39  Spore Crawler  
  64  4:40  Spore Crawler  
  64  4:42  Extractor, Zergling x2  
  64  4:43  Drone x2  
  64  4:44  Extractor  
  64  4:45  Spore Crawler, Drone  
  63  4:46  Drone  
  63  4:51  Overlord  
  64  4:53  Zergling x2  
  65  5:00  Overlord  
  65  5:02  Drone  
  65  5:04  Overlord  
  65  5:05  Overlord  
  66  5:08  Queen  
  66  5:10  Drone x2  
  66  5:13  Drone x2  
  72  5:14  Drone x2  
  72  5:20  Baneling x4, Drone x2  
  72  5:21  Drone  
  77  5:22  Drone  
  77  5:23  Drone  
  77  5:24  Drone  
  77  5:26  Drone  
  81  5:28  Drone x2  
  81  5:32  Drone  
  81  5:33  Drone  
  81  5:34  Drone  
  86  5:37  Zergling x2  
  86  5:42  Overseer  
  87  5:43  Drone x3  
  87  5:44  Hydralisk Den  
  87  5:45  Extractor  
  87  5:46  Extractor  
  87  5:50  Drone x3  
  89  5:57  Zergling x6  
  89  6:01  Extractor  
  89  6:07  Drone x4  
  89  6:09  Drone  
  89  6:10  Drone  
  89  6:11  Drone  
  93  6:15  Drone x3  
  93  6:18  Centrifical Hooks, Muscular Augments  
  96  6:23  Hatchery  
  96  6:25  Spore Crawler  
  94  6:26  Spore Crawler, Hydralisk  
  94  6:27  Hydralisk  
  94  6:28  Spore Crawler  
  96  6:35  Drone  
  96  6:36  Overlord  
  96  6:38  Overlord  
  97  6:43  Overlord, Infestation Pit  
  97  6:46  Evolution Chamber  
  95  6:49  Evolution Chamber  
  95  6:51  Drone x2  
  95  6:52  Drone  
  95  6:53  Overlord  
  95  6:54  Hydralisk x4  
  97  6:57  Hydralisk x2  
  97  6:59  Drone  
  110  7:01  Drone  
  110  7:02  Drone  
  110  7:04  Drone  
  113  7:09  Overseer, Pneumatized Carapace  
  113  7:10  Drone x3  
  113  7:12  Hydralisk  
  113  7:14  Zerg Missile Weapons Level 1, Extractor  
  117  7:17  Zerg Melee Weapons Level 1  
  117  7:19  Hydralisk  
  117  7:20  Hydralisk  
  121  7:23  Hydralisk  
  121  7:27  Drone x3  
  121  7:29  Grooved Spines  
  126  7:30  Queen  
  128  7:37  Overlord  
  128  7:38  Spine Crawler  
  128  7:40  Baneling x4  
  123  7:52  Hydralisk x6  
  123  7:57  Overlord  
  132  7:58  Hydralisk x2  
  132  7:59  Hydralisk x2  
  132  8:03  Hydralisk  
  140  8:09  Spore Crawler, Drone x4  
  141  8:12  Hydralisk  
  141  8:14  Overlord  
  141  8:18  Hydralisk x3  
  141  8:19  Hydralisk  
  151  8:24  Overlord x2  
  151  8:27  Overlord  
  151  8:30  Overlord  
  151  8:33  Overlord  
  146  8:34  Zergling x12  
  146  8:38  Zergling x4  
  149  8:42  Zergling x10  
  149  8:45  Drone x2  
  149  8:46  Drone  
  157  8:53  Zergling x8  
  161  8:56  Baneling x8  
  161  9:03  Hydralisk  
  161  9:04  Hatchery  
  161  9:05  Overlord  
  161  9:06  Baneling  
  161  9:09  Baneling x3  
  162  9:10  Baneling x4  
  162  9:14  Zergling x2  
  162  9:15  Zergling x2  
  160  9:17  Zergling x2  
  160  9:18  Zergling x4  
  160  9:20  Zergling x2  
  160  9:23  Zergling x8  
  159  9:26  Zergling x2  
  159  9:28  Zergling x4  
Show
View Real Time Build Order
Export as new Build Order

Kelazhur Terran 

Build Orders: Reaper Expand, Hellion Banshee 

Get SALT Encoding   

  12  0:00  SCV  
  13  0:13  SCV  
  14  0:17  Supply Depot  
  14  0:25  SCV  
  15  0:39  SCV  
  15  0:41  Barracks  
  16  0:43  Refinery  
  16  0:51  SCV  
  17  1:03  SCV  
  18  1:15  SCV  
  19  1:27  Reaper  
  19  1:28  Orbital Command  
  20  1:39  Command Center  
  20  1:52  Supply Depot  
  20  1:53  SCV  
  21  1:59  Marine  
  22  2:04  Factory  
  22  2:07  SCV  
  23  2:11  Refinery  
  23  2:19  SCV  
  23  2:20  Barracks Reactor  
  24  2:31  SCV  
  25  2:43  SCV  
  26  2:49  Starport  
  26  2:51  Orbital Command  
  26  2:55  SCV  
  27  3:01  Hellion x2  
  31  3:07  SCV  
  31  3:09  Barracks Tech Lab  
  32  3:13  Starport  
  32  3:17  SCV  
  32  3:19  SCV  
  34  3:23  Hellion x2  
  38  3:32  SCV  
  38  3:34  SCV  
  40  3:42  Banshee  
  40  3:44  SCV  
  40  3:45  Supply Depot  
  40  3:46  SCV  
  45  3:56  SCV  
  45  3:57  Starport Tech Lab  
  45  4:00  Supply Depot  
  46  4:06  SCV  
  46  4:08  SCV  
  48  4:10  Cloaking Field  
  48  4:13  Hellion x2  
  50  4:19  SCV  
  50  4:20  SCV  
  50  4:22  Supply Depot  
  50  4:25  Banshee  
  50  4:31  SCV  
  53  4:32  SCV  
  53  4:34  Hellion x2  
  53  4:37  Banshee  
  61  4:43  SCV  
  61  4:44  Refinery, Supply Depot, SCV  
  63  4:55  SCV, Hellion x2  
  63  4:56  SCV  
  69  5:06  Supply Depot  
  69  5:08  Banshee  
  69  5:12  SCV  
  73  5:16  Command Center  
  73  5:18  SCV  
  73  5:19  Hellion x2  
  81  5:30  Hyperflight Rotors, SCV  
  79  5:36  Banshee  
  79  5:37  Supply Depot  
  79  5:40  Hellion  
  79  5:41  Hellion  
  86  5:50  Supply Depot  
  86  5:59  Banshee, SCV x2  
  91  6:08  Armory  
  93  6:12  Barracks Tech Lab  
  86  6:19  SCV  
  86  6:20  Refinery, Barracks, Engineering Bay x2  
  86  6:21  Barracks  
  86  6:22  Factory Reactor  
  87  6:30  SCV  
  87  6:32  Banshee  
  88  6:35  Orbital Command  
  88  6:38  SCV  
  92  6:40  Marine  
  92  6:41  Stimpack  
  92  6:43  SCV  
  94  6:48  Terran Infantry Weapons Level 1  
  94  6:51  Orbital Command  
  94  6:55  SCV  
  94  6:58  Marine  
  96  7:02  SCV  
  96  7:04  Terran Infantry Armor Level 1  
  96  7:07  SCV  
  98  7:14  SCV, Marine  
  98  7:15  Marine x2  
  102  7:16  Marine  
  102  7:17  Marine  
  102  7:19  SCV  
  105  7:27  SCV  
  105  7:29  Starport Reactor  
  106  7:30  SCV  
  106  7:31  Refinery, SCV  
  106  7:32  Marine, Barracks, Medivac  
  106  7:33  Supply Depot, Barracks  
  106  7:34  Supply Depot, Marine  
  112  7:39  SCV  
  112  7:42  SCV, Marine x3  
  117  7:53  Supply Depot, SCV, Marine x2  
  117  7:54  Siege Tank  
  117  7:55  Supply Depot, SCV  
  117  7:57  Supply Depot  
  121  7:59  Supply Depot, Marine  
  121  8:00  Marine  
  123  8:06  Barracks  
  123  8:09  SCV x2  
  123  8:11  Marine x2  
  127  8:13  Medivac  
  127  8:14  Barracks, Medivac  
  127  8:16  Marine  
  129  8:21  Supply Depot, Marine  
  129  8:22  Supply Depot  
  129  8:23  Marine  
  129  8:24  Barracks Reactor  
  129  8:25  Barracks Reactor  
  130  8:34  Marine  
  130  8:38  Marine  
  123  8:44  Medivac  
  123  8:47  Medivac x2  
  123  8:48  Siege Tank, Marine, Hellion x6  
  130  8:54  Marine  
  130  8:55  Marine  
  133  8:57  Barracks Tech Lab  
  133  8:59  Marine x2, Command Center  
  135  9:07  Marine, Barracks Reactor  
  135  9:08  Marine  
  137  9:11  Marine  
  137  9:20  Marine x2  
  137  9:21  Marine x3  
Tags
 
Add a new tag
Caveats
  • Supply blocks, unpowered buildings, or Contaminate may cause inaccurate times.
  • Supply counts are checked every 10 seconds.